[ AOE2 MATCH · #479372305 ]
UnrankedPersians vs Armenians
[ REPLAY ANALYSIS · EXTRACTED FROM THE RECORDED GAME ]
Feudal
10:49
Castle
14:08
Imperial
—
| APM avg | 36.4 |
| APM peak | 126 |
| eAPM avg | 20.6 |
| Villagers / military | 110 / 0 |
Focus
⚔️ 11.8% · 🌾 88.2%
Feudal
11:21
Castle
15:26
Imperial
—
| APM avg | 25.7 |
| APM peak | 60 |
| eAPM avg | 16.4 |
| Villagers / military | 50 / 17 |
Focus
⚔️ 24.1% · 🌾 75.9%
Hussite Wagon ×13 · Petard ×4
Feudal
8:26
Castle
18:36
Imperial
—
| APM avg | 32.4 |
| APM peak | 54 |
| eAPM avg | 16.2 |
| Villagers / military | 55 / 1 |
Focus
⚔️ 20.5% · 🌾 79.5%
Warrior Priest ×1
Feudal
11:02
Castle
14:59
Imperial
—
| APM avg | 32.3 |
| APM peak | 86 |
| eAPM avg | 19.4 |
| Villagers / military | 81 / 1 |
Focus
⚔️ 11.0% · 🌾 89.0%
Monk ×1
Feudal
10:56
Castle
14:30
Imperial
—
| APM avg | 25.9 |
| APM peak | 57 |
| eAPM avg | 15.6 |
| Villagers / military | 69 / 4 |
Focus
⚔️ 9.0% · 🌾 91.0%
Monk ×3 · Spearman ×1
Feudal
10:56
Castle
19:01
Imperial
—
| APM avg | 30.8 |
| APM peak | 53 |
| eAPM avg | 17.9 |
| Villagers / military | 66 / 0 |
Focus
⚔️ 29.8% · 🌾 70.2%
Feudal
9:17
Castle
—
Imperial
—
| APM avg | 34.7 |
| APM peak | 84 |
| eAPM avg | 17.2 |
| Villagers / military | 40 / 7 |
Focus
⚔️ 36.4% · 🌾 63.6%
Militia ×7
Feudal
10:56
Castle
14:28
Imperial
—
| APM avg | 27.4 |
| APM peak | 49 |
| eAPM avg | 18.1 |
| Villagers / military | 101 / 1 |
Focus
⚔️ 8.1% · 🌾 91.9%
Monk ×1
Match map
Initial resources + every placement click. Lines = walls · curves = elevation contours. ◆ gold · ⬟ stone · ● berries · ✦ relic · ◌ wall gap
Your base· ✓ Closed at 14:08 · 0t walls · 2 gate(s)
FUFU's base· ✓ Closed at 15:26 · 0t walls · 2 gate(s)
[DH]Aldebarán de Tauro's base· ✓ Closed at 18:36 · 0t walls · 3 gate(s)
Ace's base· ✓ Closed at 14:59 · 18t walls · 3 gate(s)
Lastmantillidie's base· ✓ Closed at 14:30 · 0t walls · 3 gate(s)
G5's base· ✓ Closed at 19:01 · 26t walls · 4 gate(s)
Gush's base· ✓ Closed at 19:32 · 11t walls · 3 gate(s)
经典不变的回忆 | memory's base· ✓ Closed at 14:28 · 0t walls · 2 gate(s)
Smoothed initial terrain · ◌ = detected wall gap · hover for details
Inputs per minute
— 吉吉大王 - - FUFU
Build order — 吉吉大王
First 150 of 205 actions detected
| 0:01 | Queue | Villager (Male) |
| 0:01 | Queue | Villager (Male) |
| 0:03 | Build | House |
| 0:04 | Build | House |
| 0:42 | Queue | Villager (Male) |
| 0:43 | Queue | Villager (Male) |
| 0:43 | Queue | Villager (Male) |
| 0:43 | Queue | Villager (Male) |
| 0:44 | Queue | Villager (Male) |
| 1:26 | Queue | Villager (Male) |
| 1:26 | Queue | Villager (Male) |
| 1:49 | Queue | Villager (Male) |
| 1:49 | Queue | Villager (Male) |
| 2:10 | Build | Lumber Camp |
| 2:22 | Queue | Villager (Male) |
| 2:22 | Queue | Villager (Male) |
| 2:30 | Queue | Villager (Male) |
| 2:31 | Queue | Villager (Male) |
| 2:31 | Queue | Villager (Male) |
| 2:53 | Queue | Villager (Male) |
| 2:54 | Queue | Villager (Male) |
| 3:40 | Build | House |
| 3:59 | Queue | Villager (Male) |
| 3:59 | Queue | Villager (Male) |
| 3:59 | Queue | Villager (Male) |
| 4:00 | Queue | Villager (Male) |
| 4:11 | Build | House |
| 4:12 | Build | House |
| 4:33 | Build | Mill |
| 4:39 | Queue | Villager (Male) |
| 4:40 | Queue | Villager (Male) |
| 5:17 | Build | House |
| 5:34 | Queue | Villager (Male) |
| 6:01 | Queue | Villager (Male) |
| 6:07 | Build | Mill |
| 6:15 | Queue | Villager (Male) |
| 6:38 | Queue | Villager (Male) |
| 6:44 | Queue | Villager (Male) |
| 6:44 | Queue | Villager (Male) |
| 8:19 | Queue | Villager (Male) |
| 8:44 | Research | Feudal Age |
| 8:44 | Research | Feudal Age |
| 10:13 | Build | Farm |
| 10:16 | Build | Farm |
| 10:29 | Queue | Villager (Male) |
| 10:29 | Queue | Villager (Male) |
| 10:49 | Age | Feudal Age |
| 10:51 | Build | Market |
| 10:53 | Build | Blacksmith |
| 11:43 | Research | Castle Age |
| 11:43 | Research | Castle Age |
| 11:43 | Research | Castle Age |
| 12:04 | Research | Double-Bit Axe |
| 12:05 | Research | Horse Collar |
| 12:05 | Research | Horse Collar |
| 12:27 | Build | Farm |
| 12:29 | Build | Farm |
| 12:51 | Build | Farm |
| 12:53 | Build | Farm |
| 12:57 | Build | Farm |
| 13:42 | Queue | Villager (Male) |
| 14:08 | Age | Castle Age |
| 14:11 | Build | Town Center |
| 14:18 | Build | Town Center |
| 14:25 | Queue | Villager (Male) |
| 14:28 | Queue | Villager (Male) |
| 14:28 | Queue | Villager (Male) |
| 14:43 | Research | Bow Saw |
| 14:43 | Research | Bow Saw |
| 14:52 | Queue | Villager (Male) |
| 15:12 | Build | Farm |
| 15:18 | Build | Farm |
| 15:31 | Build | Farm |
| 15:36 | Queue | Villager (Male) |
| 15:41 | Queue | Villager (Male) |
| 15:46 | Build | Farm |
| 15:52 | Build | Farm |
| 15:53 | Queue | Villager (Male) |
| 15:53 | Queue | Villager (Male) |
| 15:58 | Queue | Villager (Male) |
| 15:59 | Queue | Villager (Male) |
| 16:01 | Build | Farm |
| 16:08 | Build | Farm |
| 16:15 | Queue | Villager (Male) |
| 16:21 | Build | Farm |
| 16:22 | Queue | Villager (Male) |
| 16:26 | Build | House |
| 16:28 | Build | House |
| 16:30 | Queue | Villager (Male) |
| 16:33 | Build | Farm |
| 16:34 | Build | Farm |
| 16:37 | Queue | Villager (Male) |
| 16:45 | Queue | Villager (Male) |
| 16:46 | Queue | Villager (Male) |
| 16:47 | Build | Farm |
| 16:52 | Queue | Villager (Male) |
| 16:54 | Build | Farm |
| 16:59 | Queue | Villager (Male) |
| 17:01 | Build | Farm |
| 17:07 | Build | Farm |
| 17:11 | Build | House |
| 17:13 | Queue | Villager (Male) |
| 17:16 | Build | House |
| 17:23 | Queue | Villager (Male) |
| 17:24 | Queue | Villager (Male) |
| 17:31 | Build | Farm |
| 17:40 | Build | Farm |
| 17:45 | Build | Farm |
| 17:46 | Research | Wheelbarrow |
| 17:46 | Research | Wheelbarrow |
| 17:47 | Queue | Villager (Male) |
| 17:48 | Queue | Villager (Male) |
| 17:50 | Build | Farm |
| 18:02 | Queue | Villager (Male) |
| 18:03 | Queue | Villager (Male) |
| 18:04 | Build | House |
| 18:16 | Queue | Villager (Male) |
| 18:25 | Build | Town Center |
| 18:28 | Queue | Villager (Male) |
| 18:40 | Build | House |
| 18:47 | Queue | Villager (Male) |
| 18:54 | Queue | Villager (Male) |
| 18:54 | Queue | Villager (Male) |
| 18:57 | Queue | Villager (Male) |
| 19:08 | Build | Town Center |
| 19:10 | Queue | Villager (Male) |
| 19:13 | Queue | Villager (Male) |
| 19:16 | Build | Farm |
| 19:17 | Queue | Villager (Male) |
| 19:19 | Build | Farm |
| 19:26 | Queue | Villager (Male) |
| 19:32 | Queue | Villager (Male) |
| 19:32 | Queue | Villager (Male) |
| 19:33 | Research | Heavy Plow |
| 19:33 | Research | Heavy Plow |
| 19:44 | Build | House |
| 19:45 | Build | House |
| 19:47 | Queue | Villager (Male) |
| 19:55 | Build | Farm |
| 19:56 | Queue | Villager (Male) |
| 19:58 | Build | Farm |
| 20:00 | Build | Farm |
| 20:03 | Queue | Villager (Male) |
| 20:09 | Queue | Villager (Male) |
| 20:09 | Queue | Villager (Male) |
| 20:12 | Build | Farm |
| 20:14 | Build | Farm |
| 20:19 | Queue | Villager (Male) |
| 20:23 | Build | Mining Camp |
| 20:26 | Queue | Villager (Male) |
Build order — FUFU
108 actions detected in the replay
| 0:00 | Queue | Villager (Male) |
| 0:00 | Queue | Villager (Male) |
| 0:01 | Queue | Villager (Male) |
| 0:01 | Queue | Villager (Male) |
| 0:05 | Build | House |
| 0:07 | Build | House |
| 1:28 | Queue | Villager (Male) |
| 1:49 | Build | Lumber Camp |
| 1:54 | Queue | Villager (Male) |
| 1:54 | Queue | Villager (Male) |
| 2:26 | Queue | Villager (Male) |
| 2:27 | Queue | Villager (Male) |
| 2:44 | Queue | Villager (Male) |
| 2:45 | Queue | Villager (Male) |
| 3:16 | Queue | Villager (Male) |
| 3:16 | Queue | Villager (Male) |
| 3:16 | Queue | Villager (Male) |
| 3:50 | Build | House |
| 3:51 | Build | House |
| 3:53 | Build | House |
| 4:10 | Queue | Villager (Male) |
| 4:11 | Queue | Villager (Male) |
| 4:38 | Build | Mill |
| 4:44 | Queue | Villager (Male) |
| 4:45 | Queue | Villager (Male) |
| 4:45 | Queue | Villager (Male) |
| 5:33 | Queue | Villager (Male) |
| 5:34 | Queue | Villager (Male) |
| 5:34 | Queue | Villager (Male) |
| 5:34 | Queue | Villager (Male) |
| 5:34 | Queue | Villager (Male) |
| 6:25 | Build | Mill |
| 6:32 | Queue | Villager (Male) |
| 6:34 | Queue | Villager (Male) |
| 6:34 | Queue | Villager (Male) |
| 7:17 | Queue | Villager (Male) |
| 7:17 | Queue | Villager (Male) |
| 8:36 | Research | Feudal Age |
| 8:36 | Research | Feudal Age |
| 8:49 | Build | Mining Camp |
| 9:22 | Queue | Villager (Male) |
| 9:23 | Queue | Villager (Male) |
| 9:45 | Build | House |
| 9:48 | Build | House |
| 9:51 | Build | House |
| 11:21 | Age | Feudal Age |
| 11:24 | Build | Market |
| 11:28 | Build | Market |
| 11:32 | Build | Blacksmith |
| 11:45 | Research | Double-Bit Axe |
| 11:57 | Build | Mining Camp |
| 12:16 | Research | Loom |
| 12:28 | Build | House |
| 12:31 | Build | House |
| 12:33 | Build | House |
| 12:36 | Build | House |
| 12:46 | Research | Castle Age |
| 12:46 | Research | Castle Age |
| 12:46 | Research | Castle Age |
| 12:53 | Build | Watch Tower |
| 13:00 | Build | Watch Tower |
| 13:02 | Queue | Villager (Male) |
| 13:42 | Research | Fletching |
| 13:42 | Research | Fletching |
| 14:28 | Build | Farm |
| 14:29 | Build | Farm |
| 14:29 | Build | Farm |
| 14:29 | Build | Farm |
| 14:29 | Build | Farm |
| 15:26 | Age | Castle Age |
| 15:37 | Queue | Villager (Male) |
| 16:00 | Queue | Villager (Male) |
| 16:27 | Queue | Villager (Male) |
| 16:45 | Build | Castle |
| 16:54 | Queue | Villager (Male) |
| 17:03 | Build | Mining Camp |
| 17:07 | Queue | Villager (Male) |
| 17:38 | Queue | Hussite Wagon |
| 17:54 | Queue | Hussite Wagon |
| 17:55 | Queue | Villager (Male) |
| 18:11 | Queue | Hussite Wagon |
| 18:12 | Queue | Villager (Male) |
| 18:37 | Queue | Villager (Male) |
| 19:02 | Queue | Hussite Wagon |
| 19:15 | Queue | Villager (Male) |
| 19:15 | Queue | Villager (Male) |
| 19:35 | Queue | Petard |
| 19:36 | Queue | Villager (Male) |
| 19:53 | Queue | Petard |
| 20:06 | Queue | Hussite Wagon |
| 20:06 | Queue | Hussite Wagon |
| 20:07 | Queue | Villager (Male) |
| 20:09 | Queue | Villager (Male) |
| 20:22 | Queue | Hussite Wagon |
| 20:38 | Build | Castle |
| 20:45 | Queue | Villager (Male) |
| 20:52 | Queue | Villager (Male) |
| 21:02 | Queue | Hussite Wagon |
| 21:14 | Queue | Hussite Wagon |
| 21:23 | Queue | Hussite Wagon |
| 21:40 | Queue | Villager (Male) |
| 21:46 | Queue | Hussite Wagon |
| 22:20 | Queue | Petard |
| 22:23 | Queue | Hussite Wagon |
| 22:23 | Queue | Hussite Wagon |
| 22:29 | Queue | Petard |
| 22:30 | Queue | Villager (Male) |
| 22:32 | Queue | Villager (Male) |
Build order — [DH]Aldebarán de Tauro
120 actions detected in the replay
| 0:01 | Queue | Villager (Male) |
| 0:02 | Build | House |
| 0:05 | Build | House |
| 0:08 | Queue | Villager (Male) |
| 0:08 | Queue | Villager (Male) |
| 0:08 | Queue | Villager (Male) |
| 1:21 | Queue | Villager (Male) |
| 1:52 | Queue | Villager (Male) |
| 2:10 | Build | Mule Cart |
| 2:18 | Queue | Villager (Male) |
| 2:53 | Queue | Villager (Male) |
| 3:03 | Build | House |
| 3:13 | Queue | Villager (Male) |
| 3:26 | Queue | Villager (Male) |
| 3:52 | Queue | Villager (Male) |
| 3:55 | Queue | Villager (Male) |
| 4:09 | Queue | Villager (Male) |
| 4:41 | Research | Loom |
| 5:25 | Queue | Villager (Male) |
| 5:35 | Build | Mill |
| 5:36 | Queue | Villager (Male) |
| 6:14 | Research | Feudal Age |
| 6:51 | Queue | Villager (Male) |
| 7:10 | Build | House |
| 7:34 | Build | Palisade Gate |
| 7:51 | Build | Palisade Gate |
| 8:05 | Queue | Villager (Male) |
| 8:26 | Age | Feudal Age |
| 8:31 | Build | Watch Tower |
| 8:34 | Queue | Villager (Male) |
| 8:37 | Research | Double-Bit Axe |
| 8:55 | Queue | Villager (Male) |
| 9:29 | Queue | Villager (Male) |
| 9:41 | Build | House |
| 9:54 | Queue | Villager (Male) |
| 10:02 | Build | Watch Tower |
| 10:17 | Build | Mule Cart |
| 10:30 | Queue | Villager (Male) |
| 10:50 | Queue | Villager (Male) |
| 11:03 | Queue | Villager (Male) |
| 11:11 | Build | Farm |
| 11:43 | Queue | Villager (Male) |
| 11:56 | Build | Farm |
| 12:00 | Build | House |
| 12:05 | Queue | Villager (Male) |
| 12:29 | Queue | Villager (Male) |
| 13:01 | Queue | Villager (Male) |
| 13:11 | Queue | Villager (Male) |
| 13:30 | Queue | Villager (Male) |
| 14:00 | Build | Market |
| 14:02 | Queue | Villager (Male) |
| 14:12 | Build | House |
| 14:28 | Research | Gold Mining |
| 15:06 | Queue | Villager (Male) |
| 15:21 | Build | Blacksmith |
| 15:31 | Queue | Villager (Male) |
| 15:42 | Research | Castle Age |
| 15:45 | Build | Farm |
| 16:22 | Build | Farm |
| 16:25 | Build | Farm |
| 16:28 | Build | Farm |
| 16:32 | Build | Farm |
| 16:37 | Queue | Villager (Male) |
| 16:49 | Build | Farm |
| 17:09 | Research | Stone Mining |
| 17:26 | Build | Farm |
| 17:40 | Queue | Villager (Male) |
| 17:47 | Build | Mule Cart |
| 18:18 | Build | Farm |
| 18:21 | Build | Farm |
| 18:36 | Age | Castle Age |
| 18:36 | Build | House |
| 18:37 | Build | House |
| 18:46 | Build | Town Center |
| 18:49 | Queue | Villager (Male) |
| 19:08 | Queue | Villager (Male) |
| 19:19 | Build | Town Center |
| 19:23 | Queue | Villager (Male) |
| 19:43 | Queue | Villager (Male) |
| 19:52 | Build | House |
| 19:59 | Queue | Villager (Male) |
| 20:00 | Queue | Villager (Male) |
| 20:05 | Build | Monastery |
| 20:10 | Queue | Villager (Male) |
| 20:10 | Queue | Villager (Male) |
| 20:10 | Queue | Villager (Male) |
| 20:15 | Build | Farm |
| 20:18 | Build | Farm |
| 20:27 | Queue | Villager (Male) |
| 20:33 | Research | Bow Saw |
| 20:45 | Queue | Villager (Male) |
| 20:45 | Queue | Villager (Male) |
| 20:47 | Research | Horse Collar |
| 20:50 | Queue | Warrior Priest |
| 20:57 | Build | Farm |
| 21:07 | Build | Farm |
| 21:11 | Queue | Villager (Male) |
| 21:17 | Queue | Villager (Male) |
| 21:22 | Build | Farm |
| 21:30 | Build | Farm |
| 21:33 | Build | Farm |
| 21:35 | Build | Farm |
| 21:42 | Queue | Villager (Male) |
| 21:50 | Queue | Villager (Male) |
| 22:06 | Queue | Villager (Male) |
| 22:10 | Build | Farm |
| 22:16 | Queue | Villager (Male) |
| 22:16 | Queue | Villager (Male) |
| 22:17 | Queue | Villager (Male) |
| 22:20 | Build | Mill |
| 22:23 | Build | Farm |
| 22:24 | Build | Farm |
| 22:24 | Build | Farm |
| 22:24 | Build | Farm |
| 22:25 | Build | Farm |
| 22:25 | Build | Farm |
| 22:25 | Build | Farm |
| 22:25 | Build | Farm |
| 22:25 | Build | Farm |
| 22:27 | Build | Farm |
Build order — Ace
First 150 of 186 actions detected
| 0:00 | Queue | Villager (Male) |
| 0:01 | Queue | Villager (Male) |
| 0:03 | Build | House |
| 0:04 | Queue | Villager (Male) |
| 0:06 | Build | House |
| 0:18 | Queue | Villager (Male) |
| 0:18 | Queue | Villager (Male) |
| 1:25 | Queue | Villager (Male) |
| 1:25 | Queue | Villager (Male) |
| 1:47 | Build | Lumber Camp |
| 1:58 | Queue | Villager (Male) |
| 1:59 | Queue | Villager (Male) |
| 2:24 | Queue | Villager (Male) |
| 2:24 | Queue | Villager (Male) |
| 2:29 | Queue | Villager (Male) |
| 3:05 | Queue | Villager (Male) |
| 3:06 | Queue | Villager (Male) |
| 3:30 | Queue | Villager (Male) |
| 3:30 | Queue | Villager (Male) |
| 3:34 | Build | House |
| 3:35 | Build | House |
| 3:36 | Build | House |
| 3:44 | Build | House |
| 3:45 | Build | House |
| 3:58 | Queue | Villager (Male) |
| 3:59 | Queue | Villager (Male) |
| 4:37 | Queue | Villager (Male) |
| 4:37 | Queue | Villager (Male) |
| 4:51 | Build | Palisade Wall |
| 4:55 | Build | Palisade Wall |
| 4:58 | Queue | Villager (Male) |
| 5:33 | Build | Mill |
| 6:08 | Queue | Villager (Male) |
| 6:08 | Queue | Villager (Male) |
| 6:08 | Queue | Villager (Male) |
| 6:26 | Queue | Villager (Male) |
| 7:11 | Build | Farm |
| 7:24 | Build | Farm |
| 7:48 | Queue | Villager (Male) |
| 8:00 | Build | Mining Camp |
| 8:27 | Queue | Villager (Male) |
| 8:28 | Research | Feudal Age |
| 8:57 | Build | Farm |
| 9:29 | Queue | Villager (Male) |
| 9:29 | Queue | Villager (Male) |
| 11:02 | Age | Feudal Age |
| 11:03 | Research | Double-Bit Axe |
| 11:06 | Build | Market |
| 11:16 | Build | Blacksmith |
| 11:24 | Build | House |
| 11:26 | Build | House |
| 11:32 | Build | House |
| 11:54 | Queue | Villager (Male) |
| 12:06 | Research | Castle Age |
| 12:16 | Build | Farm |
| 12:21 | Research | Horse Collar |
| 12:45 | Queue | Villager (Male) |
| 12:45 | Queue | Villager (Male) |
| 14:59 | Age | Castle Age |
| 15:01 | Build | Town Center |
| 15:03 | Build | Town Center |
| 15:16 | Research | Bow Saw |
| 15:17 | Research | Heavy Plow |
| 15:31 | Build | Monastery |
| 15:34 | Queue | Villager (Male) |
| 15:35 | Queue | Villager (Male) |
| 15:55 | Queue | Villager (Male) |
| 15:55 | Queue | Villager (Male) |
| 16:00 | Queue | Villager (Male) |
| 16:08 | Build | Mill |
| 16:09 | Queue | Villager (Male) |
| 16:26 | Queue | Villager (Male) |
| 16:26 | Queue | Villager (Male) |
| 16:27 | Queue | Villager (Male) |
| 16:27 | Queue | Villager (Male) |
| 16:28 | Queue | Monk |
| 16:45 | Build | Farm |
| 16:48 | Build | Farm |
| 16:50 | Build | Farm |
| 16:51 | Queue | Villager (Male) |
| 17:01 | Build | Farm |
| 17:04 | Build | Farm |
| 17:07 | Build | Farm |
| 17:08 | Queue | Villager (Male) |
| 17:09 | Queue | Villager (Male) |
| 17:10 | Queue | Villager (Male) |
| 17:14 | Build | Farm |
| 17:22 | Build | Farm |
| 17:27 | Build | Farm |
| 17:35 | Queue | Villager (Male) |
| 17:35 | Queue | Villager (Male) |
| 17:49 | Queue | Villager (Male) |
| 17:49 | Queue | Villager (Male) |
| 17:57 | Build | Mill |
| 17:58 | Build | Farm |
| 18:09 | Build | Mill |
| 18:09 | Build | Farm |
| 18:10 | Build | Farm |
| 18:10 | Build | Farm |
| 18:10 | Build | Farm |
| 18:10 | Build | Farm |
| 18:11 | Build | Farm |
| 18:12 | Queue | Villager (Male) |
| 18:13 | Queue | Villager (Male) |
| 18:16 | Queue | Villager (Male) |
| 18:17 | Queue | Villager (Male) |
| 18:30 | Queue | Villager (Male) |
| 18:33 | Queue | Villager (Male) |
| 18:38 | Build | Farm |
| 18:40 | Build | Farm |
| 18:41 | Build | Farm |
| 18:42 | Queue | Villager (Male) |
| 18:45 | Build | Farm |
| 18:45 | Build | Farm |
| 18:45 | Build | Farm |
| 18:45 | Build | Farm |
| 18:55 | Build | House |
| 18:56 | Build | House |
| 18:58 | Build | House |
| 19:03 | Queue | Villager (Male) |
| 19:05 | Build | Farm |
| 19:12 | Build | Mill |
| 19:13 | Queue | Villager (Male) |
| 19:13 | Queue | Villager (Male) |
| 19:21 | Research | Heavy Plow |
| 19:24 | Research | Gold Mining |
| 19:24 | Research | Gold Mining |
| 19:31 | Research | Stone Mining |
| 19:32 | Research | Stone Mining |
| 19:42 | Build | Farm |
| 19:43 | Build | Farm |
| 19:43 | Build | Farm |
| 19:43 | Build | Farm |
| 19:50 | Build | Farm |
| 19:50 | Build | Farm |
| 19:51 | Build | Farm |
| 19:52 | Queue | Villager (Male) |
| 20:06 | Build | Farm |
| 20:08 | Queue | Villager (Male) |
| 20:11 | Build | Farm |
| 20:12 | Build | Farm |
| 20:17 | Research | Wheelbarrow |
| 20:26 | Queue | Villager (Male) |
| 20:27 | Queue | Villager (Male) |
| 20:27 | Queue | Villager (Male) |
| 20:27 | Queue | Villager (Male) |
| 20:28 | Queue | Villager (Male) |
| 20:30 | Build | Farm |
| 20:38 | Queue | Villager (Male) |
| 20:39 | Queue | Villager (Male) |
Build order — Lastmantillidie
150 actions detected in the replay
| 0:01 | Queue | Villager (Male) |
| 0:01 | Queue | Villager (Male) |
| 0:03 | Build | House |
| 0:05 | Build | House |
| 0:15 | Queue | Villager (Male) |
| 0:15 | Queue | Villager (Male) |
| 1:33 | Queue | Villager (Male) |
| 1:45 | Build | Lumber Camp |
| 1:56 | Queue | Villager (Male) |
| 2:26 | Queue | Villager (Male) |
| 2:53 | Queue | Villager (Male) |
| 2:53 | Queue | Villager (Male) |
| 3:04 | Queue | Villager (Male) |
| 3:30 | Build | House |
| 3:31 | Build | House |
| 3:33 | Build | House |
| 3:35 | Queue | Villager (Male) |
| 4:11 | Queue | Villager (Male) |
| 4:22 | Queue | Villager (Male) |
| 4:22 | Queue | Villager (Male) |
| 4:43 | Build | Mill |
| 4:49 | Queue | Villager (Male) |
| 4:56 | Build | Mill |
| 5:01 | Queue | Villager (Male) |
| 5:41 | Queue | Villager (Male) |
| 5:41 | Queue | Villager (Male) |
| 5:41 | Queue | Villager (Male) |
| 6:03 | Queue | Villager (Male) |
| 6:52 | Build | Lumber Camp |
| 6:55 | Queue | Villager (Male) |
| 7:29 | Queue | Villager (Male) |
| 7:35 | Build | Mining Camp |
| 8:04 | Queue | Villager (Male) |
| 8:37 | Research | Feudal Age |
| 10:39 | Queue | Villager (Male) |
| 10:40 | Queue | Villager (Male) |
| 10:56 | Age | Feudal Age |
| 11:02 | Build | Market |
| 11:05 | Build | Blacksmith |
| 11:50 | Research | Castle Age |
| 12:04 | Build | Farm |
| 12:11 | Research | Double-Bit Axe |
| 12:23 | Build | Farm |
| 12:35 | Build | Farm |
| 12:47 | Research | Horse Collar |
| 12:52 | Build | House |
| 13:19 | Research | Gold Mining |
| 14:11 | Build | Farm |
| 14:19 | Queue | Villager (Male) |
| 14:20 | Queue | Villager (Male) |
| 14:30 | Age | Castle Age |
| 14:32 | Build | Town Center |
| 14:41 | Build | Town Center |
| 14:44 | Queue | Villager (Male) |
| 14:59 | Research | Bow Saw |
| 15:04 | Build | House |
| 15:15 | Build | Farm |
| 15:18 | Build | Farm |
| 15:19 | Queue | Villager (Male) |
| 15:33 | Queue | Villager (Male) |
| 15:37 | Build | House |
| 15:47 | Build | Farm |
| 16:09 | Build | House |
| 16:09 | Queue | Villager (Male) |
| 16:17 | Build | Farm |
| 16:20 | Build | Farm |
| 16:23 | Queue | Villager (Male) |
| 16:24 | Queue | Villager (Male) |
| 16:28 | Build | Farm |
| 16:37 | Queue | Villager (Male) |
| 16:43 | Build | Monastery |
| 16:45 | Queue | Villager (Male) |
| 16:50 | Build | Farm |
| 16:58 | Queue | Villager (Male) |
| 16:59 | Queue | Villager (Male) |
| 17:03 | Build | Farm |
| 17:04 | Build | Farm |
| 17:22 | Queue | Villager (Male) |
| 17:23 | Queue | Villager (Male) |
| 17:31 | Build | House |
| 17:32 | Queue | Monk |
| 17:41 | Queue | Villager (Male) |
| 17:43 | Build | Farm |
| 17:44 | Build | Farm |
| 17:47 | Build | Farm |
| 17:50 | Build | Farm |
| 17:51 | Build | Farm |
| 17:52 | Queue | Villager (Male) |
| 17:53 | Queue | Villager (Male) |
| 17:55 | Build | Farm |
| 18:05 | Build | House |
| 18:10 | Build | Farm |
| 18:12 | Build | Farm |
| 18:23 | Research | Heavy Plow |
| 18:27 | Build | Farm |
| 18:29 | Build | Farm |
| 18:38 | Build | House |
| 18:39 | Queue | Monk |
| 18:58 | Queue | Villager (Male) |
| 19:02 | Build | Farm |
| 19:03 | Queue | Villager (Male) |
| 19:04 | Queue | Villager (Male) |
| 19:06 | Build | Farm |
| 19:11 | Build | Barracks |
| 19:16 | Queue | Villager (Male) |
| 19:18 | Queue | Villager (Male) |
| 19:20 | Queue | Villager (Male) |
| 19:44 | Queue | Villager (Male) |
| 19:45 | Queue | Villager (Male) |
| 19:46 | Research | Wheelbarrow |
| 19:56 | Build | Town Center |
| 20:06 | Queue | Spearman |
| 20:08 | Queue | Monk |
| 20:12 | Build | House |
| 20:12 | Queue | Villager (Male) |
| 20:13 | Queue | Villager (Male) |
| 20:14 | Queue | Villager (Male) |
| 20:19 | Queue | Villager (Male) |
| 20:38 | Build | House |
| 20:39 | Queue | Villager (Male) |
| 20:40 | Queue | Villager (Male) |
| 20:41 | Queue | Villager (Male) |
| 20:54 | Research | Stone Mining |
| 21:04 | Research | Fervor |
| 21:06 | Queue | Villager (Male) |
| 21:06 | Queue | Villager (Male) |
| 21:08 | Build | Farm |
| 21:10 | Build | Farm |
| 21:11 | Build | Farm |
| 21:13 | Build | House |
| 21:15 | Queue | Villager (Male) |
| 21:15 | Queue | Villager (Male) |
| 21:25 | Queue | Villager (Male) |
| 21:29 | Build | Farm |
| 21:30 | Build | Farm |
| 21:32 | Build | Farm |
| 21:36 | Build | Farm |
| 21:38 | Build | Farm |
| 21:40 | Build | Farm |
| 21:41 | Build | Farm |
| 21:43 | Queue | Villager (Male) |
| 21:52 | Build | House |
| 21:53 | Build | House |
| 21:53 | Build | House |
| 21:57 | Queue | Villager (Male) |
| 21:58 | Queue | Villager (Male) |
| 21:59 | Queue | Villager (Male) |
| 22:00 | Queue | Villager (Male) |
| 22:00 | Queue | Villager (Male) |
| 22:01 | Queue | Villager (Male) |
Build order — G5
133 actions detected in the replay
| 0:01 | Queue | Villager (Male) |
| 0:01 | Queue | Villager (Male) |
| 0:01 | Queue | Villager (Male) |
| 0:03 | Build | House |
| 0:04 | Build | House |
| 0:07 | Queue | Villager (Male) |
| 1:29 | Queue | Villager (Male) |
| 1:29 | Queue | Villager (Male) |
| 1:37 | Queue | Villager (Male) |
| 2:00 | Build | Lumber Camp |
| 2:29 | Queue | Villager (Male) |
| 2:29 | Queue | Villager (Male) |
| 2:52 | Queue | Villager (Male) |
| 2:52 | Queue | Villager (Male) |
| 2:52 | Queue | Villager (Male) |
| 3:39 | Queue | Villager (Male) |
| 3:39 | Queue | Villager (Male) |
| 3:58 | Build | House |
| 4:14 | Build | Mill |
| 4:22 | Queue | Villager (Male) |
| 4:22 | Queue | Villager (Male) |
| 4:23 | Queue | Villager (Male) |
| 4:32 | Build | House |
| 4:59 | Queue | Villager (Male) |
| 4:59 | Queue | Villager (Male) |
| 4:59 | Queue | Villager (Male) |
| 5:18 | Build | Mill |
| 5:44 | Queue | Villager (Male) |
| 5:44 | Queue | Villager (Male) |
| 5:44 | Queue | Villager (Male) |
| 5:45 | Queue | Villager (Male) |
| 5:54 | Build | Farm |
| 6:10 | Queue | Villager (Male) |
| 6:10 | Queue | Villager (Male) |
| 6:18 | Queue | Villager (Male) |
| 6:18 | Queue | Villager (Male) |
| 6:37 | Queue | Villager (Male) |
| 6:51 | Queue | Villager (Male) |
| 6:58 | Queue | Villager (Male) |
| 6:58 | Queue | Villager (Male) |
| 7:26 | Build | Farm |
| 7:28 | Build | Farm |
| 7:59 | Build | House |
| 8:03 | Research | Loom |
| 8:19 | Research | Feudal Age |
| 8:22 | Build | House |
| 8:31 | Build | House |
| 8:34 | Build | Palisade Wall |
| 8:37 | Build | Palisade Wall |
| 8:41 | Queue | Villager (Male) |
| 8:45 | Queue | Villager (Male) |
| 9:33 | Build | House |
| 9:56 | Build | Mining Camp |
| 10:17 | Build | House |
| 10:20 | Build | House |
| 10:27 | Build | Palisade Wall |
| 10:28 | Build | Palisade Wall |
| 10:56 | Age | Feudal Age |
| 11:17 | Build | Blacksmith |
| 11:20 | Queue | Villager (Male) |
| 11:25 | Build | Mining Camp |
| 11:40 | Queue | Villager (Male) |
| 11:47 | Queue | Villager (Male) |
| 11:57 | Queue | Villager (Male) |
| 12:08 | Build | Watch Tower |
| 12:20 | Research | Fletching |
| 12:21 | Queue | Villager (Male) |
| 12:28 | Build | House |
| 12:45 | Queue | Villager (Male) |
| 12:45 | Queue | Villager (Male) |
| 13:00 | Queue | Villager (Male) |
| 13:10 | Queue | Villager (Male) |
| 13:24 | Queue | Villager (Male) |
| 13:31 | Build | Gate |
| 13:35 | Build | Stone Wall |
| 13:36 | Build | Stone Wall |
| 13:47 | Build | Stone Wall |
| 13:56 | Queue | Villager (Male) |
| 14:06 | Research | Town Watch |
| 15:00 | Queue | Villager (Male) |
| 15:13 | Build | Farm |
| 15:19 | Build | Market |
| 15:25 | Build | Stone Wall |
| 15:38 | Build | Stone Wall |
| 15:40 | Build | Stone Wall |
| 15:42 | Build | Stone Wall |
| 15:43 | Build | Stone Wall |
| 15:49 | Queue | Villager (Male) |
| 15:54 | Research | Horse Collar |
| 16:03 | Build | Farm |
| 16:04 | Build | Farm |
| 16:05 | Build | Farm |
| 16:20 | Research | Castle Age |
| 16:21 | Research | Castle Age |
| 16:56 | Build | Stone Wall |
| 17:09 | Queue | Villager (Male) |
| 17:10 | Queue | Villager (Male) |
| 17:17 | Build | Farm |
| 17:18 | Build | Farm |
| 18:04 | Build | Barracks |
| 18:15 | Queue | Villager (Male) |
| 18:18 | Research | Double-Bit Axe |
| 18:22 | Build | Farm |
| 18:27 | Build | Farm |
| 19:01 | Age | Castle Age |
| 19:14 | Queue | Villager (Male) |
| 19:17 | Build | Archery Range |
| 19:27 | Research | Bow Saw |
| 19:41 | Queue | Villager (Male) |
| 20:06 | Queue | Villager (Male) |
| 20:10 | Build | Lumber Camp |
| 20:29 | Build | Town Center |
| 20:35 | Queue | Villager (Male) |
| 20:35 | Queue | Villager (Male) |
| 20:49 | Build | University |
| 21:07 | Queue | Villager (Male) |
| 21:09 | Build | Farm |
| 21:10 | Build | Farm |
| 21:10 | Build | Farm |
| 21:15 | Queue | Villager (Male) |
| 21:25 | Queue | Villager (Male) |
| 21:32 | Queue | Villager (Male) |
| 21:40 | Build | Monastery |
| 21:43 | Queue | Villager (Male) |
| 21:47 | Queue | Villager (Male) |
| 21:54 | Queue | Villager (Male) |
| 21:57 | Build | Farm |
| 22:00 | Build | Farm |
| 22:02 | Build | Farm |
| 22:05 | Queue | Villager (Male) |
| 22:23 | Queue | Villager (Male) |
| 22:27 | Queue | Villager (Male) |
| 22:28 | Queue | Villager (Male) |
Build order — Gush
111 actions detected in the replay
| 0:01 | Queue | Villager (Male) |
| 0:01 | Queue | Villager (Male) |
| 0:02 | Build | House |
| 0:04 | Build | House |
| 0:10 | Queue | Villager (Male) |
| 0:10 | Queue | Villager (Male) |
| 0:10 | Queue | Villager (Male) |
| 1:25 | Queue | Villager (Male) |
| 1:25 | Queue | Villager (Male) |
| 1:50 | Build | Lumber Camp |
| 1:57 | Queue | Villager (Male) |
| 1:58 | Queue | Villager (Male) |
| 2:23 | Queue | Villager (Male) |
| 2:48 | Queue | Villager (Male) |
| 3:06 | Queue | Villager (Male) |
| 3:24 | Build | House |
| 3:35 | Queue | Villager (Male) |
| 3:53 | Build | House |
| 4:04 | Queue | Villager (Male) |
| 4:18 | Build | Mill |
| 4:29 | Queue | Villager (Male) |
| 4:55 | Queue | Villager (Male) |
| 5:24 | Queue | Villager (Male) |
| 5:48 | Queue | Villager (Male) |
| 5:57 | Build | Barracks |
| 6:13 | Queue | Villager (Male) |
| 6:30 | Research | Loom |
| 7:07 | Research | Feudal Age |
| 7:07 | Research | Feudal Age |
| 7:12 | Build | House |
| 7:31 | Queue | Militia |
| 7:31 | Queue | Militia |
| 7:42 | Queue | Militia |
| 7:42 | Queue | Militia |
| 7:42 | Queue | Militia |
| 7:52 | Build | Mining Camp |
| 7:57 | Queue | Militia |
| 8:20 | Queue | Militia |
| 9:14 | Queue | Villager (Male) |
| 9:17 | Age | Feudal Age |
| 9:25 | Build | Watch Tower |
| 9:35 | Research | Double-Bit Axe |
| 9:35 | Research | Double-Bit Axe |
| 9:42 | Build | Mill |
| 9:49 | Build | Blacksmith |
| 10:06 | Queue | Villager (Male) |
| 10:16 | Queue | Villager (Male) |
| 10:52 | Build | Mill |
| 11:01 | Queue | Villager (Male) |
| 11:30 | Research | Man-at-Arms (upgrade) |
| 11:36 | Build | House |
| 11:44 | Queue | Villager (Male) |
| 12:03 | Queue | Villager (Male) |
| 12:19 | Build | Farm |
| 12:20 | Build | Farm |
| 12:24 | Build | Farm |
| 12:25 | Build | Farm |
| 12:27 | Build | Farm |
| 12:28 | Build | Farm |
| 12:32 | Build | Farm |
| 12:34 | Queue | Villager (Male) |
| 12:55 | Queue | Villager (Male) |
| 13:20 | Build | Watch Tower |
| 13:28 | Queue | Villager (Male) |
| 13:31 | Build | Farm |
| 13:34 | Build | House |
| 13:35 | Build | Farm |
| 14:02 | Queue | Villager (Male) |
| 14:27 | Queue | Villager (Male) |
| 14:33 | Build | Farm |
| 14:39 | Build | Mining Camp |
| 14:41 | Research | Fletching |
| 14:53 | Build | Farm |
| 14:57 | Queue | Villager (Male) |
| 15:23 | Queue | Villager (Male) |
| 15:28 | Build | Farm |
| 15:30 | Build | Farm |
| 15:47 | Queue | Villager (Male) |
| 15:55 | Build | Farm |
| 16:17 | Build | Farm |
| 16:19 | Queue | Villager (Male) |
| 16:36 | Queue | Villager (Male) |
| 16:41 | Build | Farm |
| 17:04 | Queue | Villager (Male) |
| 17:26 | Queue | Villager (Male) |
| 17:49 | Queue | Villager (Male) |
| 17:54 | Build | Stone Wall |
| 17:57 | Build | Stone Wall |
| 17:57 | Build | Stone Wall |
| 18:01 | Build | Stone Wall |
| 18:04 | Build | Stone Wall |
| 18:05 | Build | Stone Wall |
| 18:05 | Build | Stone Wall |
| 18:06 | Build | Stone Wall |
| 18:07 | Build | Stone Wall |
| 18:08 | Build | Stone Wall |
| 18:09 | Build | Stone Wall |
| 18:10 | Queue | Villager (Male) |
| 18:21 | Build | Outpost |
| 18:30 | Build | Market |
| 18:33 | Research | Town Watch |
| 19:32 | Research | Castle Age |
| 19:32 | Research | Castle Age |
| 19:32 | Research | Castle Age |
| 19:39 | Build | Stone Wall |
| 19:45 | Build | Stone Wall |
| 19:48 | Build | Stone Wall |
| 19:54 | Build | Stone Wall |
| 20:35 | Build | Stone Wall |
| 20:55 | Queue | Villager (Male) |
| 21:14 | Build | Lumber Camp |
Build order — 经典不变的回忆 | memory
First 150 of 172 actions detected
| 0:01 | Queue | Villager (Male) |
| 0:01 | Queue | Villager (Male) |
| 0:01 | Queue | Villager (Male) |
| 0:01 | Queue | Villager (Male) |
| 0:02 | Build | House |
| 0:03 | Build | House |
| 1:25 | Queue | Villager (Male) |
| 1:26 | Queue | Villager (Male) |
| 1:26 | Queue | Villager (Male) |
| 1:50 | Queue | Villager (Male) |
| 1:50 | Queue | Villager (Male) |
| 2:15 | Build | Lumber Camp |
| 2:23 | Queue | Villager (Male) |
| 2:23 | Queue | Villager (Male) |
| 2:30 | Queue | Villager (Male) |
| 2:31 | Queue | Villager (Male) |
| 2:31 | Queue | Villager (Male) |
| 3:05 | Queue | Villager (Male) |
| 3:05 | Queue | Villager (Male) |
| 3:28 | Queue | Villager (Male) |
| 3:46 | Build | House |
| 4:09 | Queue | Villager (Male) |
| 4:09 | Queue | Villager (Male) |
| 4:09 | Queue | Villager (Male) |
| 4:09 | Queue | Villager (Male) |
| 4:30 | Build | Mill |
| 4:34 | Queue | Villager (Male) |
| 4:34 | Queue | Villager (Male) |
| 5:06 | Queue | Villager (Male) |
| 5:06 | Queue | Villager (Male) |
| 5:06 | Queue | Villager (Male) |
| 5:21 | Build | House |
| 5:21 | Build | House |
| 5:44 | Queue | Villager (Male) |
| 5:45 | Queue | Villager (Male) |
| 6:07 | Queue | Villager (Male) |
| 6:28 | Queue | Villager (Male) |
| 6:49 | Queue | Villager (Male) |
| 6:50 | Queue | Villager (Male) |
| 7:44 | Queue | Villager (Male) |
| 8:15 | Build | Mill |
| 8:35 | Research | Feudal Age |
| 9:10 | Build | Farm |
| 9:37 | Queue | Villager (Male) |
| 10:43 | Queue | Villager (Male) |
| 10:56 | Age | Feudal Age |
| 10:58 | Build | Market |
| 11:00 | Build | Blacksmith |
| 11:02 | Research | Double-Bit Axe |
| 11:46 | Build | House |
| 11:48 | Research | Castle Age |
| 12:11 | Build | Lumber Camp |
| 13:07 | Queue | Villager (Male) |
| 13:20 | Queue | Villager (Male) |
| 13:27 | Build | Farm |
| 14:11 | Build | Farm |
| 14:13 | Build | Farm |
| 14:14 | Build | Farm |
| 14:15 | Build | Farm |
| 14:28 | Age | Castle Age |
| 14:33 | Build | Town Center |
| 14:36 | Build | Town Center |
| 14:37 | Research | Bow Saw |
| 14:40 | Build | Farm |
| 14:41 | Build | Farm |
| 14:44 | Queue | Villager (Male) |
| 14:51 | Build | Farm |
| 15:03 | Build | Farm |
| 15:21 | Build | Farm |
| 15:24 | Queue | Villager (Male) |
| 15:45 | Build | Farm |
| 15:54 | Queue | Villager (Male) |
| 15:55 | Build | Farm |
| 15:58 | Queue | Villager (Male) |
| 16:00 | Build | Farm |
| 16:02 | Build | Farm |
| 16:09 | Queue | Villager (Male) |
| 16:12 | Research | Wheelbarrow |
| 16:14 | Queue | Villager (Male) |
| 16:14 | Queue | Villager (Male) |
| 16:14 | Queue | Villager (Male) |
| 16:14 | Queue | Villager (Male) |
| 16:19 | Build | Farm |
| 16:32 | Queue | Villager (Male) |
| 16:32 | Queue | Villager (Male) |
| 16:36 | Build | Farm |
| 16:38 | Build | Farm |
| 16:43 | Build | House |
| 16:43 | Build | House |
| 16:45 | Queue | Villager (Male) |
| 16:45 | Queue | Villager (Male) |
| 16:46 | Queue | Villager (Male) |
| 16:50 | Build | Farm |
| 17:12 | Build | House |
| 17:22 | Queue | Villager (Male) |
| 17:22 | Queue | Villager (Male) |
| 17:22 | Queue | Villager (Male) |
| 17:45 | Build | House |
| 17:46 | Queue | Villager (Male) |
| 17:46 | Queue | Villager (Male) |
| 17:47 | Queue | Villager (Male) |
| 17:47 | Queue | Villager (Male) |
| 18:03 | Build | Town Center |
| 18:09 | Build | House |
| 18:33 | Queue | Villager (Male) |
| 18:33 | Queue | Villager (Male) |
| 18:33 | Queue | Villager (Male) |
| 18:42 | Queue | Villager (Male) |
| 18:42 | Queue | Villager (Male) |
| 18:42 | Queue | Villager (Male) |
| 18:42 | Queue | Villager (Male) |
| 18:49 | Build | Mining Camp |
| 18:53 | Build | Farm |
| 19:05 | Queue | Villager (Male) |
| 19:05 | Queue | Villager (Male) |
| 19:05 | Queue | Villager (Male) |
| 19:05 | Queue | Villager (Male) |
| 19:11 | Build | House |
| 19:11 | Build | House |
| 19:22 | Build | Town Center |
| 19:37 | Build | Farm |
| 19:37 | Queue | Villager (Male) |
| 19:38 | Queue | Villager (Male) |
| 19:41 | Build | Farm |
| 19:42 | Build | Farm |
| 19:49 | Build | House |
| 19:57 | Research | Stone Mining |
| 19:57 | Research | Stone Mining |
| 19:59 | Queue | Villager (Male) |
| 19:59 | Queue | Villager (Male) |
| 20:00 | Queue | Villager (Male) |
| 20:17 | Queue | Villager (Male) |
| 20:17 | Queue | Villager (Male) |
| 20:18 | Queue | Villager (Male) |
| 20:20 | Build | Farm |
| 20:22 | Build | Farm |
| 20:25 | Build | Farm |
| 20:28 | Build | Farm |
| 20:28 | Queue | Villager (Male) |
| 20:29 | Queue | Villager (Male) |
| 20:29 | Queue | Villager (Male) |
| 20:33 | Build | House |
| 20:39 | Research | Gold Mining |
| 20:44 | Queue | Villager (Male) |
| 20:44 | Queue | Villager (Male) |
| 20:44 | Queue | Villager (Male) |
| 20:45 | Queue | Villager (Male) |
| 20:53 | Build | Monastery |
| 21:00 | Build | Mining Camp |
| 21:10 | Build | Farm |
Match timeline
| 4:51 | Ace · wall_segment Palisade Wall x9 |
| 4:55 | Ace · wall_segment Palisade Wall x10 |
| 5:57 | Gush · first_building Barracks |
| 8:26 | [DH]Aldebarán de Tauro · age_up feudal |
| 8:34 | G5 · wall_segment Palisade Wall x5 |
| 8:37 | G5 · wall_segment Palisade Wall x3 |
| 9:17 | Gush · age_up feudal |
| 10:27 | G5 · wall_segment Palisade Wall x3 |
| 10:28 | G5 · wall_segment Palisade Wall x1 |
| 10:49 | 吉吉大王 · age_up feudal |
| 10:56 | 经典不变的回忆 | memory · age_up feudal |
| 10:56 | G5 · age_up feudal |
| 10:56 | Lastmantillidie · age_up feudal |
| 11:02 | Ace · age_up feudal |
| 11:21 | FUFU · age_up feudal |
| 11:42 | 吉吉大王 · first_market_sell 100 wood |
| 13:35 | G5 · wall_segment Stone Wall x1 |
| 13:36 | G5 · wall_segment Stone Wall x1 |
| 13:47 | G5 · wall_segment Stone Wall x6 |
| 14:08 | 吉吉大王 · age_up castle |
| 14:28 | 经典不变的回忆 | memory · age_up castle |
| 14:30 | Lastmantillidie · age_up castle |
| 14:59 | Ace · age_up castle |
| 15:25 | G5 · wall_segment Stone Wall x1 |
| 15:26 | FUFU · age_up castle |
| 15:31 | Ace · first_building Monastery |
| 15:38 | G5 · wall_segment Stone Wall x1 |
| 15:40 | G5 · wall_segment Stone Wall x1 |
| 15:42 | G5 · wall_segment Stone Wall x1 |
| 15:43 | G5 · wall_segment Stone Wall x1 |
| 16:43 | Lastmantillidie · first_building Monastery |
| 16:45 | FUFU · first_building Castle |
| 16:56 | G5 · wall_segment Stone Wall x1 |
| 16:57 | Lastmantillidie · first_market_buy 100 food |
| 17:54 | Gush · wall_segment Stone Wall x1 |
| 17:57 | Gush · wall_segment Stone Wall x1 |
| 17:57 | Gush · wall_segment Stone Wall x1 |
| 18:01 | Gush · wall_segment Stone Wall x1 |
| 18:04 | G5 · first_building Barracks |
| 18:04 | Gush · wall_segment Stone Wall x1 |
| 18:05 | Gush · wall_segment Stone Wall x1 |
| 18:05 | Gush · wall_segment Stone Wall x1 |
| 18:06 | Gush · wall_segment Stone Wall x1 |
| 18:07 | Gush · wall_segment Stone Wall x1 |
| 18:08 | Gush · wall_segment Stone Wall x1 |
| 18:09 | Gush · wall_segment Stone Wall x1 |
| 18:16 | Ace · first_market_buy 100 wood |
| 18:27 | [DH]Aldebarán de Tauro · first_market_buy 100 food |
| 18:36 | [DH]Aldebarán de Tauro · age_up castle |
| 19:01 | G5 · age_up castle |
| 19:11 | Lastmantillidie · first_building Barracks |
| 19:17 | G5 · first_building Archery Range |
| 19:39 | Gush · wall_segment Stone Wall x5 |
| 19:45 | Gush · wall_segment Stone Wall x1 |
| 19:48 | Gush · wall_segment Stone Wall x3 |
| 19:54 | Gush · wall_segment Stone Wall x6 |
| 20:05 | [DH]Aldebarán de Tauro · first_building Monastery |
| 20:26 | G5 · first_market_buy 100 wood |
| 20:35 | Gush · wall_segment Stone Wall x1 |
| 20:53 | 经典不变的回忆 | memory · first_building Monastery |
| 21:35 | Gush · resign |
| 21:40 | G5 · first_building Monastery |
| 22:21 | FUFU · first_market_buy 100 food |
| 22:24 | Ace · first_building Barracks |
[ AI ANALYSIS · 1 CREDIT ]
What really happened in this match?
Wolo.gg analyzes every decision: build order, eco, micro, common mistakes by bracket. Personalized analysis on WhatsApp or Discord in 30 seconds.
Civ guide
Persians
Perfil
Jugador #4132236